 Dungeon Crawl Stone Soup version 0.29.0-4-gdea44cf6ec (webtiles) character file.

Game seed: 381513807101215936

158 qw the Chopper (level 5, -4/28 (30) HPs)
             Began as a Tengu Warper on Aug 28, 2022.
             Slain by Edmund
             ... wielding a +1 dire flail of draining
              (12 damage)
             ... on level 4 of the Dungeon.
             The game lasted 00:00:24 (3109 turns).

qw the Chopper (Tengu Warper)                       Turns: 3109, Time: 00:00:24

HP:   -4/28 (30)    AC:  6    Str: 13    XL:     5   Next: 40%
MP:   9/9           EV: 11    Int: 14    God:
Gold: 87            SH:  0    Dex: 13    Spells: 8/8 levels left

rFire   . . .      SeeInvis .   Y - +0 hand axe
rCold   . . .      Faith    .   (no shield)
rNeg    . . .      Spirit   .   g - +0 scale mail
rPois   .          Reflect  .   (helmet restricted)
rElec   .          Harm     .   (no cloak)
rCorr   .          Rampage  .   (no gloves)
Will    .....                   (boots unavailable)
Stlth   ..........              (no amulet)
HPRegen 0.09/turn               (no ring)
MPRegen 0.11/turn               (no ring)

@: flying quickly and evasively, drained, quick
A: beak, talons 3, nimble flight
a: no special abilities


You were on level 4 of the Dungeon.
You visited 1 branch of the dungeon, and saw 4 of its levels.

You collected 152 gold pieces.
You spent 65 gold pieces at shops.


Innate Abilities, Weirdness & Mutations

You have a beak for a mouth.
You have claws for feet.
Your magical nature lets you fly swiftly and evasively.


   Skills:
 - Level 2.0 Fighting
 + Level 6.0 Axes
 - Level 1.0 Throwing
 - Level 1.1 Armour
 - Level 2.1 Dodging
 - Level 2.0 Spellcasting
 - Level 2.4 Translocations


You had 8 spell levels left.
You didn't know any spells.
Your spell library contained the following spells:

 Spells                   Type           Power      Damage    Failure   Level
 Blink                    Tloc           16%        N/A       54%         2
 Gell's Gravitas          Tloc           8%         N/A       78%         3
 Lesser Beckoning         Tloc           8%         N/A       78%         3
 Teleport Other           Tloc           8%         N/A       78%         3
 Manifold Assault         Tloc           8%         N/A       100%        5

Inventory:

Hand Weapons
 h - a +0 flail
 Y - a +0 hand axe (weapon)
Armour
 b - a +0 kite shield
 g - a +0 scale mail (worn)
 i - a +0 chain mail
Scrolls
 d - a scroll of teleportation
 l - 2 scrolls of identify
Potions
 a - a potion of magic {unknown}
 c - a potion of degeneration {unknown}
 e - a potion of brilliance {unknown}
 f - a potion of heal wounds
 k - a potion of cancellation {unknown}

Dungeon Overview and Level Annotations

Branches:
Dungeon (4/15)
 Temple: D:4-7

Altars:
Makhleb

Shops:
D:4 *

Annotations:
D:4 Edmund


Message History

The orc is almost dead.
The orc hits you with a +0 short sword.
You hit the orc.
You kill the orc!
Your Axes skill increases to level 6!
You barely miss the orc. You claw the orc.
The orc is severely wounded.
Edmund the Younger comes into view.
He is wielding a +1 dire flail of draining and carrying a wand of polymorph (8).
The orc closely misses you.
You barely miss the orc. You claw the orc.
You kill the orc!
You closely miss something.
You hear some strange, mumbled words.
A magic dart appears from out of thin air!
The magic dart hits you. Something hits you but does no damage.
Items here: % ( ) ?.
A magic dart appears from out of thin air!
The magic dart hits you. Edmund closely misses you.
You barely miss Edmund. Your kick misses Edmund. Your peck misses Edmund.
Edmund hits you with a +1 dire flail of draining.
You feel drained.
You closely miss Edmund. You claw Edmund. Your peck misses Edmund.
Edmund is lightly wounded.
You barely miss something. Something hits you. Edmund barely misses you.
You closely miss Edmund. You peck Edmund.
Edmund is lightly wounded.
You barely miss something. Something hits you but does no damage.
Edmund misses you.
You hit Edmund.
Edmund is lightly wounded.
You barely miss something. Edmund closely misses you.
Something hits you but does no damage.
You hit Edmund.
Edmund is moderately wounded.
You closely miss something.
Edmund hits you with a +1 dire flail of draining!
You die...

.### .# .. ## ...#.# ...
...####....# ....
............ #....
...........##..... .<....
..................##. .....
..........@.........##....
.........@...##. #........
.. ##.....{##.....#...##.##
...###...).###.....#...#....
.....#...)...#..............
#.....%..#.........###.....#
##.......##..............#..
#........###...........###..
...........#.......#..## ###
....####...............###..


You could see Edmund.

Vanquished Creatures
  An orc priest (D:3)
  4 adders (D:2)
  2 worms
  A dart slug (D:1)
  8 orcs
  9 bats
  9 endoplasms
  4 giant cockroaches
  5 goblins
  7 hobgoblins
  4 jackals (D:4)
  7 kobolds
  A quokka (D:3)
  6 ball pythons
  3 frilled lizards
  3 rats
74 creatures vanquished.

Vanquished Creatures (others)
  10 plants (D:3)
10 creatures vanquished.

Grand Total: 84 creatures vanquished

Notes
Turn   | Place    | Note
-------+----------+-------------------------------------------
     0 | D:1      | qw the Tengu Warper began the quest for the Orb.
     0 | D:1      | Reached XP level 1. HP: 12/12 MP: 4/4
     0 | D:1      | 0 ||| qw: Version: 0.1-a-89-g26bdef1
     0 | D:1      | 0 ||| qw: Game counter: 1288
     0 | D:1      | 0 ||| qw: Always use a shield: true
     0 | D:1      | 0 ||| qw: God list: Okawaru
     0 | D:1      | 0 ||| qw: Allow faded altars: false
     0 | D:1      | 0 ||| qw: Do Orc after D:15 true
     0 | D:1      | 0 ||| qw: Do second Lair branch before Depths: true
     0 | D:1      | 0 ||| qw: Lair rune preference: random
     0 | D:1      | 0 ||| qw: Plans: Normal
     0 | D:1      | 0 ||| PLANNING D:1-11
   252 | D:1      | Reached XP level 2. HP: 17/17 MP: 6/6
   261 | D:1      | Reached skill level 3 in Axes
   310 | D:1      | 310 ||| Stepping ~*~*~tactically~*~*~ (stealth).
   616 | D:1      | 616 ||| Stepping ~*~*~tactically~*~*~ (hiding).
   750 | D:1      | 750 ||| Stepping ~*~*~tactically~*~*~ (water).
   752 | D:1      | Reached XP level 3. HP: 21/21 MP: 7/7
   986 | D:1      | 986 ||| DROPPING scroll of blinking.
  1002 | D:2      | Reached skill level 4 in Axes
  1029 | D:2      | 1029 ||| DROPPING +0 club.
  1454 | D:2      | Reached XP level 4. HP: 26/26 MP: 8/8
  1674 | D:2      | Reached skill level 5 in Axes
  1680 | D:2      | 1680 ||| FLEEEEING.
  1683 | D:2      | 1683 ||| FLEEEEING.
  1684 | D:2      | 1684 ||| FLEEEEING.
  1685 | D:2      | 1685 ||| FLEEEEING.
  1693 | D:2      | 1693 ||| FLEEEEING.
  1694 | D:2      | 1694 ||| FLEEEEING.
  1695 | D:2      | 1695 ||| FLEEEEING.
  1699 | D:2      | 1699 ||| FLEEEEING.
  1700 | D:2      | 1700 ||| FLEEEEING.
  1701 | D:2      | 1701 ||| FLEEEEING.
  1702 | D:2      | 1702 ||| FLEEEEING.
  1704 | D:2      | 1704 ||| FLEEEEING.
  1711 | D:2      | 1711 ||| FLEEEEING.
  1712 | D:2      | 1712 ||| FLEEEEING.
  1713 | D:2      | 1713 ||| FLEEEEING.
  1714 | D:2      | 1714 ||| FLEEEEING.
  1715 | D:2      | 1715 ||| FLEEEEING.
  1716 | D:2      | 1716 ||| FLEEEEING.
  1717 | D:2      | 1717 ||| FLEEEEING.
  1719 | D:2      | 1719 ||| STAIRDANCE
  1799 | D:1      | 1799 ||| UPGRADING to +0 scale mail.
  1809 | D:1      | 1809 ||| DROPPING +0 leather armour.
  1810 | D:1      | 1810 ||| READING scroll labelled DOEXIO BEOG.
  1811 | D:1      | 1811 ||| READING scroll labelled UTRUBU SENOFU.
  1812 | D:1      | 1812 ||| READING scroll labelled DEAPOU BINI.
  1813 | D:1      | 1813 ||| READING scroll labelled DATEAGENWO.
  1817 | D:1      | 1817 ||| READING 2 scrolls labelled BINTOSCHANWUSS.
  1818 | D:1      | 1818 ||| DRINKING 2 bubbling brown potions.
  1975 | D:3      | 1975 ||| STAIRDANCE
  1983 | D:3      | 1983 ||| STAIRDANCE
  2017 | D:3      | 2017 ||| STAIRDANCE
  2103 | D:3      | 2103 ||| Stepping ~*~*~tactically~*~*~ (stealth).
  2106 | D:3      | 2106 ||| Stepping ~*~*~tactically~*~*~ (stealth).
  2111 | D:3      | 2111 ||| FLEEEEING.
  2112 | D:3      | 2112 ||| FLEEEEING.
  2113 | D:3      | 2113 ||| FLEEEEING.
  2114 | D:3      | 2114 ||| FLEEEEING.
  2115 | D:3      | 2115 ||| FLEEEEING.
  2118 | D:3      | 2118 ||| FLEEEEING.
  2119 | D:3      | 2119 ||| FLEEEEING.
  2120 | D:3      | 2120 ||| FLEEEEING.
  2121 | D:3      | 2121 ||| FLEEEEING.
  2122 | D:3      | 2122 ||| STAIRDANCE
  2197 | D:3      | 2197 ||| STAIRDANCE
  2247 | D:3      | 2247 ||| DROPPING +0 mace.
  2248 | D:3      | 2248 ||| Stepping ~*~*~tactically~*~*~ (stealth).
  2443 | D:3      | 2443 ||| Stepping ~*~*~tactically~*~*~ (hiding).
  2444 | D:3      | 2444 ||| Stepping ~*~*~tactically~*~*~ (hiding).
  2446 | D:3      | 2446 ||| Stepping ~*~*~tactically~*~*~ (hiding).
  2450 | D:3      | 2450 ||| Stepping ~*~*~tactically~*~*~ (hiding).
  2462 | D:3      | Gained mutation: Your magical nature lets you fly swiftly
                  | and evasively. [Tengu growth]
  2462 | D:3      | Reached XP level 5. HP: 13/30 MP: 9/9
  2462 | D:3      | 2462 ||| FLEEEEING.
  2463 | D:3      | 2463 ||| FLEEEEING.
  2464 | D:3      | 2464 ||| FLEEEEING.
  2465 | D:3      | 2465 ||| FLEEEEING.
  2474 | D:3      | 2474 ||| STAIRDANCE
  2587 | D:2      | 2587 ||| FLEEEEING.
  2588 | D:2      | 2588 ||| FLEEEEING.
  2594 | D:2      | 2594 ||| FLEEEEING.
  2595 | D:2      | 2595 ||| FLEEEEING.
  2596 | D:2      | 2596 ||| FLEEEEING.
  2597 | D:2      | 2597 ||| FLEEEEING.
  2598 | D:2      | 2598 ||| FLEEEEING.
  2600 | D:2      | 2600 ||| FLEEEEING.
  2602 | D:2      | 2602 ||| STAIRDANCE
  2688 | D:3      | Found a faded altar of an unknown god.
  2904 | D:4      | Found Wehez's General Store.
  2905 | D:4      | 2905 ||| PLANNING OSSUARY
  2907 | D:4      | 2907 ||| BUYING +0 kite shield (45 gold).
  2907 | D:4      | Bought a +0 kite shield for 45 gold pieces
  2907 | D:4      | 2907 ||| BUYING scroll of identify (20 gold).
  2907 | D:4      | Bought a scroll of identify for 20 gold pieces
  2985 | D:4      | 2985 ||| Stepping ~*~*~tactically~*~*~ (stealth).
  3037 | D:4      | Found a burning altar of Makhleb.
  3079 | D:4      | 3079 ||| Stepping ~*~*~tactically~*~*~ (stealth).
  3100 | D:4      | Reached skill level 6 in Axes
  3100 | D:4      | Noticed Edmund
  3109 | D:4      | Slain by Edmund

Levels and vault maps discovered:
D:1:      lemuel_arrival_rhombus, layout_rooms, st_stairs_2, minivault_14
D:2:      layout_basic
D:3:      layout_rooms, chequers_ecumenical_altar_simple,
          wad_floor_pattern_untrapped, chequers_arboretum, serial_bayou_lake_a
D:4:      layout_cave_pools, amcnicky_altar_gilded, enter_ossuary_5,
          serial_shops, nicolae_stop_n_shop_2, minmay_quantized, uniq_edmund

Skill      XL: |  1  2  3  4  5 |
---------------+----------------+-----
Axes           | 3 4 5 6 |  6.0
Fighting       | |  2.0
Throwing       | |  1.0
Armour         | |  1.1
Dodging        | |  2.1
Spellcasting   | |  2.0
Translocations | |  2.4

Action                   |  1- 3 |  4- 6 || total
-------------------------+-------+-------++-------
Melee: Hand axe          |    95 |    93 ||   188
       Kick              |    21 |    21 ||    42
       Peck              |     6 |    15 ||    21
Throw: Boomerang         |     7 |    17 ||    24
  Use: Scroll            |       |     5 ||     5
       Potion            |       |     1 ||     1
Armor: Leather armour    |    26 |     3 ||    29
       Scale mail        |       |    26 ||    26
Dodge: Dodged            |    45 |    37 ||    82

Table legend:
 A = Non-vault XP
 B = Vault XP
 C = Vault XP percentage of total XP
 D = Non-vault monster count
 E = Vault monster count
 F = Vault count percentage of total count
                 A         B        C        D         E       F
            +---------+---------+-------+---------+---------+-------
      Total |     226 |       1 |   0.4 |      73 |       1 |   1.4
            +---------+---------+-------+---------+---------+-------
        D:1 |      38 |       1 |   2.6 |      21 |       1 |   4.5
        D:2 |      98 |       0 |   0.0 |      27 |       0 |   0.0
        D:3 |      73 |       0 |   0.0 |      17 |       0 |   0.0
        D:4 |      17 |       0 |   0.0 |       8 |       0 |   0.0
            +---------+---------+-------+---------+---------+-------
